 Dungeon Crawl Stone Soup version 0.22-a0-596-gfbd32a6 (webtiles) character file.

156 Hebeh the Skirmisher (level 5, -2/47 HPs)
             Began as a Minotaur Fighter on July 5, 2018.
             Killed from afar by an orc wizard (4 damage)
             ... with a magic dart
             ... on level 3 of the Dungeon.
             The game lasted 00:06:10 (2050 turns).

Hebeh the Skirmisher (Minotaur Fighter)             Turns: 2050, Time: 00:06:10

Health: -2/47      AC:  8    Str: 21    XL:     5   Next: 14%
Magic:  4/4        EV:  7    Int:  5    God:
Gold:   73         SH:  9    Dex: 10    Spells: 4/4 levels left

rFire    . . .     SeeInvis .   a - +0 war axe
rCold    . . .     Gourm    .   c - +0 shield
rNeg     . . .     Faith    .   o - +0 scale mail
rPois    .         Spirit   .   (helmet restricted)
rElec    .         Reflect  .   (no cloak)
rCorr    .         Harm     .   (no gloves)
MR       .....                  g - +0 pair of boots
Stlth    ..........             (no amulet)
HPRegen  0.15/turn              (no ring)
MPRegen  0.09/turn              (no ring)

@: hasted and slowed
A: retaliatory headbutt, horns 2
a: no special abilities


You were on level 3 of the Dungeon.
You were not hungry.

You visited 1 branch of the dungeon, and saw 3 of its levels.

You collected 73 gold pieces.

Inventory:

Hand Weapons
 a - a +0 war axe (weapon)
 b - a +0 hunting sling
Missiles
 i - 152 stones (quivered)
Armour
 c - a +0 shield (worn)
 g - a +0 pair of boots (worn)
 o - a +0 scale mail (worn)
Jewellery
 q - an uncursed ring of wizardry {unknown}
 s - an uncursed ring of poison resistance {unknown}
 v - an uncursed ring of protection from cold {unknown}
 x - a +4 ring of dexterity {unknown}
Scrolls
 e - a scroll of enchant armour {unknown}
 j - 2 scrolls of identify {unknown}
 k - a scroll of enchant weapon {unknown}
 n - a scroll of teleportation {unknown}
 r - 2 scrolls of remove curse {unknown}
 y - a scroll of fog {unknown}
Potions
 d - 3 potions of might
 h - 2 potions of berserk rage {unknown}
 m - a potion of degeneration {unknown}
 p - a potion of curing {unknown}
 t - a potion of flight {unknown}
 w - 2 potions of mutation {unknown}
Comestibles
 f - 8 rations
 u - 7 chunks of flesh


   Skills:
 + Level 4.5 Fighting
 * Level 4.3 Axes
 + Level 1.5 Slings
 + Level 4.3 Armour
 + Level 4.3 Shields


You had 4 spell levels left.
You didn't know any spells.
Your spell library was empty.

Dungeon Overview and Level Annotations

Branches:
Dungeon (3/15)

Altars:
Wu Jian
Zin


Innate Abilities, Weirdness & Mutations

You reflexively headbutt those who attack you in melee.
You have a pair of horns on your head.


Message History

The magic dart hits you!
* * * LOW HITPOINT WARNING * * *
An orc comes into view. It is wielding a mace.
Found 16 gold pieces.
The orc wizard gestures wildly while chanting.
The orc wizard seems to speed up.
The orc wizard points at you and mumbles some strange words.
You feel yourself slow down.
The orc wizard points at you and mumbles some strange words.
The magic dart hits you!
* * * LOW HITPOINT WARNING * * *
The orc wizard gestures at you while chanting.
The magic dart hits you!
You see here 16 gold pieces.
The orc wizard points at you and mumbles some strange words.
The magic dart hits you!
* * * LOW HITPOINT WARNING * * *
The orc wizard casts a spell at you. The magic dart hits you!
You die...

##..##.#..g#.......#g#
#..##.#......._o..o.##
#..##.#...#.......#..#
#..##.#W..#.......#og#
##>...+...# ..... #.g#
####.#.!.####.####.o#
#....$#)............#
#.##..#.#####g###.#.#
#.##..#...@..o.gW...#
#######.##..#.#############
........##..#.#
##########..#.# #..#.# ####


You could see a phantom, an orc wizard and 2 gnolls.

Vanquished Creatures
  8 gnolls
  3 adders (D:3)
  An ooze (D:2)
  A worm (D:2)
  A dart slug (D:1)
  A leopard gecko (D:1)
  3 orcs (D:3)
  3 bats
  A giant cockroach (D:3)
  7 goblins
  5 hobgoblins
  2 kobolds (D:1)
  A ball python (D:2)
  2 frilled lizards
  3 rats
42 creatures vanquished.

Notes
Turn   | Place    | Note
-------+----------+-------------------------------------------
     0 | D:1      | Hebeh the Minotaur Fighter began the quest for the Orb.
     0 | D:1      | Reached XP level 1. HP: 19/19 MP: 0/0
   103 | D:1      | Reached XP level 2. HP: 24/27 MP: 1/1
   670 | D:2      | Reached XP level 3. HP: 33/33 MP: 2/2
   757 | D:2      | Found a glowing silver altar of Zin.
   882 | D:2      | Reached XP level 4. HP: 40/40 MP: 3/3
   936 | D:2      | Reached skill level 1 in Slings
  1991 | D:3      | Noticed a phantom
  1993 | D:3      | Reached XP level 5. HP: 47/47 MP: 4/4
  2010 | D:3      | Found an ornate altar of the Wu Jian Council.
  2050 | D:3      | HP: 2/47 [orc wizard/magic dart (2)]
  2050 | D:3      | Killed from afar by an orc wizard

Vault maps used:
D:1:      dpeg_arrival_connections, solitary_fountain
D:2:      nicolae_overflow_crystal_walls, minmay_crystal_room
D:3:      old_standard_altar, first_ration

Skill      XL: |  1  2  3  4 |
---------------+-------------+-----
Axes           | 3 4 |  4.3
Fighting       | 4 |  4.5
Armour         | 4 |  4.3
Shields        | 4 |  4.3
Slings         | 1 |  1.5

Action                   |  1- 3 |  4- 6 || total
-------------------------+-------+-------++-------
Melee: War axe           |    26 |    22 ||    48
       Headbutt          |     6 |     7 ||    13
 Fire: Hunting sling     |    27 |    70 ||    97
  Use: Potion            |       |     1 ||     1
  Eat: Chunk             |       |     3 ||     3
Armor: Scale mail        |    12 |    27 ||    39
Dodge: Dodged            |    13 |    20 ||    33
Block: Shield            |    14 |    40 ||    54

Table legend:
 A = Spawn XP
 B = Non-spawn XP
 C = Spawn XP percentage of total XP
 D = Spawn monster count
 E = Non-spawn monster count
 F = Spawn count percentage of total count
 G = Total turns spent on level
                    A         B        C        D         E        F      G
               +---------+---------+-------+---------+---------+-------+---------
         Total |       0 |     223 |   0.0 |       0 |      42 |   0.0 |  2050
               +---------+---------+-------+---------+---------+-------+---------
           D:1 |       0 |      28 |   0.0 |       0 |      15 |   0.0 |   491
           D:2 |       0 |      76 |   0.0 |       0 |      10 |   0.0 |   931
           D:3 |       0 |     119 |   0.0 |       0 |      17 |   0.0 |   628
               +---------+---------+-------+---------+---------+-------+---------
